 Dungeon Crawl Stone Soup version 0.25-a0-341-g6f074c887a (webtiles) character file.

Game seed: 5669785442459293035, levelgen mode: deterministic

30 pk666 the Magician (level 3, 0/19 HPs)
             Began as a Deep Elf Wizard on Dec 30, 2019.
             Succumbed to an adder's poison
             ... on level 2 of the Dungeon.
             The game lasted 00:01:32 (904 turns).

pk666 the Magician (Deep Elf Wizard)                 Turns: 904, Time: 00:01:33

Health: 0/19       AC:  2    Str:  4    XL:     3   Next: 3%
Magic:  6/11       EV: 19    Int: 23    God:
Gold:   33         SH:  0    Dex: 18    Spells: 10/11 levels left

rFire    + . .     SeeInvis .   (no weapon)
rCold    + . .     Gourm    .   (no shield)
rNeg     . . .     Faith    .   a - +0 robe
rPois    +         Spirit   .   b - +0 hat
rElec    +         Reflect  .   (no cloak)
rCorr    +         Harm     .   (no gloves)
MR       .....                  (no boots)
Stlth    +++.......             (no amulet)
HPRegen  0.06/turn              (no ring)
MPRegen  0.12/turn              (no ring)

@: agile, lethally poisoned (0 -> -1), resistant
A: no striking features
a: no special abilities


You were on level 2 of the Dungeon.
You were not hungry.

You visited 1 branch of the dungeon, and saw 2 of its levels.

You collected 33 gold pieces.

Inventory:

Armour
 a - a +0 robe (worn)
 b - a +0 hat (worn)
Scrolls
 c - a scroll of fear {unknown}
Potions
 e - a potion of agility
 f - a potion of resistance
Comestibles
 d - 4 rations


   Skills:
 + Level 3.1 Dodging
 - Level 2.4 Stealth
 + Level 4.9 Spellcasting
 + Level 2.1 Conjurations
   Level 1.1 Summonings
   Level 1.1 Translocations


You had 10 spell levels left.
You knew the following spells:

 Your Spells              Type           Power        Failure   Level  Hunger
a - Magic Dart            Conj           ###.         4%          1    None

Your spell library contained the following spells:

 Spells                   Type           Power        Failure   Level  Hunger
 Blink                    Tloc           N/A          9%          2    None
 Call Imp                 Summ           ##......     9%          2    None
 Slow                     Hex            #.......     14%         2    None
 Conjure Flame            Conj/Fire      ##......     19%         3    ##.....
 Mephitic Cloud           Conj/Pois/Air  #.......     22%         3    ##.....


Dungeon Overview and Level Annotations

Branches:
Dungeon (2/15)

Altars:
Nemelex Xobeh


Message History

You feel sick.
It was a potion of resistance.
You feel protected.
There is a lethal amount of poison in your body!
* * * LOW HITPOINT WARNING * * *
You feel sick.
* * * LOW HITPOINT WARNING * * *
You feel sick.
A worm and a hobgoblin come into view.
Found a whip.
* * * LOW HITPOINT WARNING * * *
You feel sick.
Found a ration.
A frilled lizard comes into view.
* * * LOW HITPOINT WARNING * * *
You feel sick.
Found a stone staircase leading down.
You see here a whip.
You see here a ration.
You die...

##########
......>..#
...#.#.#
#.#.#.#
#####...#@#
#......l%.#
#.####..###
#g####.)####
#..........#
#..........#
#..........#
#..........#
#......^...#


You could see a frilled lizard.

Vanquished Creatures
  An adder (D:2)
  An ooze (D:1)
  A goblin (D:1)
  A hobgoblin (D:1)
  4 jackals (D:1)
  A kobold (D:1)
  3 bats (D:1)
  2 frilled lizards (D:1)
  2 rats (D:1)
16 creatures vanquished.

Notes
Turn   | Place    | Note
-------+----------+-------------------------------------------
     0 | D:1      | pk666 the Deep Elf Wizard began the quest for the Orb.
     0 | D:1      | Reached XP level 1. HP: 10/10 MP: 7/7
   301 | D:1      | Reached XP level 2. HP: 15/15 MP: 0/9
   693 | D:1      | Found a sparkling altar of Nemelex Xobeh.
   885 | D:2      | Reached XP level 3. HP: 5/19 MP: 4/11
   904 | D:2      | Succumbed to an adder's poison

Levels and vault maps discovered:
D:1:      moated_graveyard_arrival, layout_basic,
          nemelex_xobeh_ov_fountains_minmay
D:2:      layout_basic

Skill      XL: |  1  2 |
---------------+-------+-----
Dodging        | 3 |  3.1
Conjurations   | 2 |  2.1
Stealth        | |  2.4
Spellcasting   | |  4.9
Summonings     | |  1.1
Translocations | |  1.1

Action                   || total
-------------------------++-------
 Cast: Magic Dart        ||    43
  Use: Potion            ||     2
Armor: Robe              ||     4
Dodge: Dodged            ||    33

Table legend:
 A = Non-vault XP
 B = Vault XP
 C = Vault XP percentage of total XP
 D = Non-vault monster count
 E = Vault monster count
 F = Vault count percentage of total count
                 A         B        C        D         E       F
            +---------+---------+-------+---------+---------+-------
      Total |      43 |       0 |   0.0 |      16 |       0 |   0.0
            +---------+---------+-------+---------+---------+-------
        D:1 |      30 |       0 |   0.0 |      15 |       0 |   0.0
        D:2 |      13 |       0 |   0.0 |       1 |       0 |   0.0
            +---------+---------+-------+---------+---------+-------
